 Dungeon Crawl Stone Soup version 0.28.0-53-g5a82cb258f (webtiles) character file.

Game seed: 15510382463757380577

14851 DocClef the Thaumaturge (level 12, -27/91 HPs)
             Began as a Gnoll Fire Elementalist on July 12, 2022.
             Was a High Priest of Okawaru.
             Killed from afar by a bog body (35 damage)
             ... with a bolt of cold
             ... in an ice cave.
             The game lasted 00:29:24 (14673 turns).

DocClef the Thaumaturge (Gnoll Fire Elementalist)  Turns: 14673, Time: 00:29:25

Health: -27/91     AC: 11    Str:  9    XL:     12   Next: 20%
Magic:  19/24      EV: 15    Int: 24    God:    Okawaru [*****.]
Gold:   659        SH: 11    Dex: 12    Spells: 16/28 levels left

rFire   + . .      SeeInvis +   H - +9 dagger of Ifupu {flame, Fragile Int+5}
rCold   . . .      Faith    .   n - +1 buckler {AC+3}
rNeg    + . .      Spirit   .   D - +1 robe of Vines {NoPotionHeal Regen++++}
rPois   .          Reflect  +   e - +2 hat {SInv}
rElec   .          Harm     .   (no cloak)
rCorr   .          Rampage  .   r - +0 pair of gloves
Will    .....                   b - +0 pair of boots
Stlth   ++++......              o - amulet of reflection
HPRegen 3.45/turn               g - ring of protection from fire
MPRegen 0.19/turn               q - ring of positive energy

@: slowed, very slow
A: fangs 1, strong nose, distributed training
a: Renounce Religion, Heroism, Finesse, Duel


You were in an ice cave.
You worshipped Okawaru.
Okawaru was extremely pleased with you.
You visited 2 branches of the dungeon, and saw 12 of its levels.
You also visited: Ice Cave.

You collected 659 gold pieces.

Inventory:

Hand Weapons
 h - the +7 flail "Ontues" {venom, rElec rCorr Stlth+}
   (You found it on level 5 of the Dungeon)

   It poisons the flesh of those it strikes.
   rElec:     It insulates you from electricity.
   rCorr:     It protects you from acid and corrosion.
   Stlth:     It makes you more stealthy.
 H - the +9 dagger of Ifupu (weapon) {flame, Fragile Int+5}
   (You found it on level 9 of the Dungeon)

   It burns those it strikes, dealing additional fire damage.
   Int:       It affects your intelligence (+5).
   Fragile:   It will be destroyed if unequipped.
Armour
 b - a +0 pair of boots (worn)
 e - a +2 hat of see invisible (worn)
 j - the +1 ring mail of Tunem {MP+9 Dex+3}
   (You found it on level 10 of the Dungeon)

   Dex:       It affects your dexterity (+3).
   MP:        It affects your magic capacity (+9).
 n - a +1 buckler of protection (worn)
 r - a +0 pair of gloves (worn)
 B - the +2 robe of the Original Sin {Slay+2}
   (You found it on level 7 of the Dungeon)

   Slay:      It affects your accuracy & damage with ranged weapons and melee
   (+2).
 D - the +1 robe of Vines (worn) {NoPotionHeal Regen++++}
   (You found it on level 7 of the Dungeon)

   Its wearer cannot be healed by potions.
   Regen:     It increases your rate of health regeneration.
Jewellery
 g - a ring of protection from fire (left hand)
 o - an amulet of reflection (around neck)
 q - a ring of positive energy (right hand)
 E - a ring of positive energy
Wands
 u - a wand of mindburst (14)
 y - a wand of iceblast (12)
Scrolls
 a - a scroll of fog
 f - 10 scrolls of identify
 k - a scroll of blinking
 m - a scroll of enchant weapon
 w - 2 scrolls of fear
 z - a scroll of magic mapping
 A - a scroll of summoning
 C - 2 scrolls of teleportation
Potions
 c - a potion of flight
 d - a potion of mutation {unknown}
 l - a potion of degeneration {unknown}
 p - a potion of magic {unknown}
 x - a potion of might {unknown}
 F - 2 potions of resistance {unknown}


   Skills:
 + Level 7.0 Fighting
 + Level 7.0 Short Blades
 + Level 7.0 Long Blades
 + Level 7.0 Axes
 + Level 7.0 Maces & Flails
 + Level 7.0 Polearms
 + Level 7.0 Staves
 + Level 7.0 Slings
 + Level 7.0 Bows
 + Level 7.0 Crossbows
 + Level 7.0 Throwing
 + Level 7.0 Armour
 + Level 8.5 Dodging
 + Level 8.3 Stealth
 + Level 7.0 Shields
 + Level 7.0 Unarmed Combat
 + Level 8.7 Spellcasting
 + Level 6.3 Conjurations
 + Level 5.8 Hexes
 + Level 5.8 Summonings
 + Level 5.8 Necromancy
 + Level 5.8 Translocations
 + Level 5.8 Transmutations
 + Level 8.1 Fire Magic
 + Level 5.8 Ice Magic
 + Level 5.8 Air Magic
 + Level 5.8 Earth Magic
 + Level 5.8 Poison Magic
 + Level 7.7 Invocations
 + Level 7.0 Evocations


You had 16 spell levels left.
You knew the following spells:

 Your Spells              Type           Power      Damage    Failure   Level
a - Foxfire               Conj/Fire      100%       2x1d9     1%          1
b - Scorch                Fire           98%        2d9       1%          2
c - Conjure Flame         Conj/Fire      45%        6-21      1%          3
d - Inner Flame           Hex/Fire       44%        N/A       1%          3
e - Ozocubu's Armour      Ice            38%        N/A       1%          3

Your spell library contained the following spells:

 Spells                   Type           Power      Damage    Failure   Level
 Sandblast                Erth           76%        2d16      1%          1
 Passwall                 Tmut/Erth      31%        N/A       1%          2
 Portal Projectile        Hex/Tloc       76%        N/A       1%          3
 Stone Arrow              Conj/Erth      78%        3d11      1%          3
 Flame Wave               Conj/Fire      45%        2d10      3%          4
 Cause Fear               Hex            19%        N/A       7%          4
 Leda's Liquefaction      Hex/Erth       19%        N/A       7%          4
 Metabolic Englaciation   Hex/Ice        19%        N/A       19%         5
 Borgnjor's Revivificati  Necr           19%        N/A       100%        8
 Discord                  Hex            19%        N/A       100%        8
 Necromutation            Tmut/Necr      19%        N/A       100%        8
 Death's Door             Necr           19%        N/A       100%        9
 Call Canine Familiar     Summ           Unusable   N/A       N/A         3
 Simulacrum               Ice/Necr       Unusable   N/A       N/A         6

Dungeon Overview and Level Annotations

Branches:
Dungeon (11/15)            Temple (0/1) D:6            Lair (1/6) D:10
    Orc (0/2) D:9           IceCv (1/1)

Altars:
Dithmenos
Fedhas
Hepliaklqana
Okawaru
Trog
Zin

Shops:
D:10 [:

Annotations:
D:9 3 runed translucent doors, DemonSlayer's ghost, journeyman DsFE
D:11 Urug


Innate Abilities, Weirdness & Mutations

You have very sharp teeth.
Your uncanny sense of smell can sniff out nearby items.
Your experience applies equally to all skills.


Message History

The anaconda simulacrum bites you but does no damage.
The anaconda simulacrum constricts you.
You escape the anaconda simulacrum's grasp.
Your foxfire dissipates!
You conjure some foxfire!
You block the anaconda simulacrum's attack. x2
The anaconda simulacrum grabs you. The anaconda simulacrum bites you!
The anaconda simulacrum freezes you! The anaconda simulacrum constricts you.
You block the anaconda simulacrum's attack.
The anaconda simulacrum constricts you.
Unknown command.
Casting: Foxfire (safe; 1% risk of failure)
Confirm with . or Enter, or press ? or * to list all spells.
You don't know that spell.
Unknown command.
You escape the anaconda simulacrum's grasp.
Your foxfire dissipates!
The foxfire hits the bog body.
The bog body completely resists.
The anaconda simulacrum misses you.
You block the anaconda simulacrum's attack.
Casting: Foxfire (safe; 1% risk of failure)
Confirm with . or Enter, or press ? or * to list all spells.
The fire begins to smoulder!
You block the anaconda simulacrum's attack.
The anaconda simulacrum bites you but does no damage.
The bog body gestures at you while chanting.
The bolt of cold hits you!! The anaconda simulacrum grabs you.
The anaconda simulacrum bites you.
* * * LOW HITPOINT WARNING * * *
The anaconda simulacrum freezes you!!
* * * LOW HITPOINT WARNING * * *
The anaconda simulacrum constricts you.
* * * LOW HITPOINT WARNING * * *
Okay, then.
You escape the anaconda simulacrum's grasp.
The bog body casts a spell at you.
The bolt of cold hits the anaconda simulacrum.
The anaconda simulacrum completely resists.
The bolt of cold hits you!!
You die...

#≈≈≈≈≈≈≈≈##
#≈≈≈≈≈≈≈#.# ∆
##≈≈≈≈≈≈#.## ∆
###≈≈≈≈≈≈##.# ∆∆
##Z##≈≈#≈≈##.#
∆∆
#.nn##≈##≈#..#
#.Z#..######..#
#nZ###Z#.#.#...#
.n.. #@.#..#...#
...Z.
##..##...##
..... #.###..##
.... ##.##.##
.... #.##..#
##.##.##
##.##..##
##.####..# #.##
##.#


You could see 2 bog bodies and 2 anaconda simulacra.

Vanquished Creatures
  Gastronok (Lair:1)
  A hydra (D:9)
  3 two-headed ogres
  Pikel (D:6)
  A cyclops (D:8)
  An ice statue (IceCv)
  An elephant (D:10)
  A black mamba (D:10)
  A kobold demonologist (D:10)
  An anaconda simulacrum (IceCv)
  2 ice devils (IceCv)
  A tengu conjurer (D:10)
  2 trolls
  A hornet (D:10)
  Sigmund (D:6)
  A shadow (D:10)
  2 yaks (D:10)
  A basilisk (D:10)
  A death yak simulacrum (IceCv)
  2 steam dragons
  Edmund (D:5)
  2 harpy simulacra (IceCv)
  An acid dragon (D:8)
  A water moccasin (D:7)
  2 sky beasts
  A necrophage (D:7)
  2 ice beasts
  9 orc warriors
  2 black bears
  2 ogres
  7 centaurs
  6 bullfrogs
  2 gnoll sergeants (D:9)
  A wyvern zombie (D:9)
  9 two-headed ogre simulacra (IceCv)
  2 scorpions
  2 cane toad simulacra (IceCv)
  5 killer bees
  3 wights (D:8)
  3 elephant simulacra (IceCv)
  2 electric eels
  6 howler monkeys
  2 centaur zombies
  3 bullfrog zombies (D:6)
  8 orc priests
  3 gnoll shamans
  2 jellies
  An iguana (D:4)
  11 orc wizards
  3 troll simulacra (IceCv)
  4 spriggan simulacra (IceCv)
  A polar bear simulacrum (IceCv)
  A wolf simulacrum (IceCv)
  2 howler monkey zombies
  19 gnolls
  6 adders
  A river rat (D:5)
  4 naga simulacra (IceCv)
  3 white imps
  9 ufetubi (IceCv)
  An adder skeleton (D:4)
  3 worms
  3 dart slugs
  35 orcs
  4 ball pythons
  7 endoplasms
  7 giant cockroaches
  13 goblins
  9 hobgoblins
  2 jackals (D:1)
  6 kobolds
  2 quokkas
  7 bats
  5 frilled lizards
  7 rats
291 creatures vanquished.

Vanquished Creatures (collateral kills)
  4 foxfires
4 creatures vanquished.

Vanquished Creatures (others)
  1443 foxfires
  15 fungi
  14 plants
1472 creatures vanquished.

Grand Total: 1767 creatures vanquished

Notes
Turn   | Place    | Note
-------+----------+-------------------------------------------
     0 | D:1      | DocClef the Gnoll Fire Elementalist began the quest for the
                  | Orb.
     0 | D:1      | Reached XP level 1. HP: 13/13 MP: 6/6
    99 | D:1      | Reached XP level 2. HP: 14/19 MP: 1/7
  1221 | D:1      | Found a faded altar of an unknown god.
  1425 | D:2      | Reached XP level 3. HP: 25/25 MP: 3/9
  1566 | D:2      | Reached skill level 5 in Spellcasting
  2087 | D:2      | Reached skill level 1 in Invocations
  2274 | D:2      | Reached skill level 1 in Fighting
  2274 | D:2      | Reached skill level 1 in Short Blades
  2274 | D:2      | Reached skill level 1 in Long Blades
  2274 | D:2      | Reached skill level 1 in Axes
  2274 | D:2      | Reached skill level 1 in Maces & Flails
  2274 | D:2      | Reached skill level 1 in Polearms
  2274 | D:2      | Reached skill level 1 in Staves
  2274 | D:2      | Reached skill level 1 in Slings
  2274 | D:2      | Reached skill level 1 in Bows
  2274 | D:2      | Reached skill level 1 in Crossbows
  2274 | D:2      | Reached skill level 1 in Throwing
  2274 | D:2      | Reached skill level 1 in Armour
  2274 | D:2      | Reached skill level 1 in Shields
  2274 | D:2      | Reached skill level 1 in Unarmed Combat
  2274 | D:2      | Reached skill level 1 in Evocations
  2353 | D:2      | Noticed an ogre
  2364 | D:2      | Killed an ogre
  2365 | D:2      | Reached skill level 1 in Hexes
  2365 | D:2      | Reached skill level 1 in Summonings
  2365 | D:2      | Reached skill level 1 in Necromancy
  2365 | D:2      | Reached skill level 1 in Translocations
  2365 | D:2      | Reached skill level 1 in Transmutations
  2365 | D:2      | Reached skill level 1 in Ice Magic
  2365 | D:2      | Reached skill level 1 in Air Magic
  2365 | D:2      | Reached skill level 1 in Earth Magic
  2365 | D:2      | Reached skill level 1 in Poison Magic
  2365 | D:2      | Reached XP level 4. HP: 32/32 MP: 8/11
  2365 | D:2      | Reached XP level 5. HP: 37/37 MP: 8/12
  3051 | D:3      | Found an iron altar of Okawaru.
  3092 | D:3      | Became a worshipper of Warmaster Okawaru
  3582 | D:3      | Learned a level 2 spell: Scorch
  3586 | D:3      | Learned a level 3 spell: Conjure Flame
  4219 | D:4      | Reached XP level 6. HP: 35/44 MP: 5/13
  4486 | D:4      | Found a glowing silver altar of Zin.
  4504 | D:4      | Reached skill level 5 in Dodging
  5309 | D:5      | Entered Level 5 of the Dungeon
  5491 | D:5      | Noticed a moth of wrath
  5497 | D:5      | Reached XP level 7. HP: 50/50 MP: 9/15
  5751 | D:5      | Reached * piety under Okawaru
  5835 | D:5      | Noticed Edmund
  5852 | D:5      | Killed Edmund
  5853 | D:5      | Reached skill level 5 in Stealth
  5974 | D:5      | Found a bloodstained altar of Trog.
  6000 | D:5      | Identified the +7 flail "Ontues" {venom, rElec rCorr
                  | Stlth+}
  6242 | D:5      | Reached XP level 8. HP: 45/57 MP: 10/16
  6286 | D:5      | Reached ** piety under Okawaru
  6548 | D:6      | Found a staircase to the Ecumenical Temple.
  6904 | D:6      | Noticed Sigmund
  6924 | D:6      | Killed Sigmund
  7049 | D:6      | Reached *** piety under Okawaru
  7266 | D:6      | Noticed Pikel
  7275 | D:6      | Killed Pikel
  7276 | D:6      | Reached XP level 9. HP: 52/65 MP: 9/18
  7795 | D:7      | Identified the +2 robe of the Original Sin {Slay+2}
  8382 | D:7      | Noticed a troll
  8382 | D:7      | Noticed an eight-headed hydra
  8445 | D:7      | Noticed a troll
  8459 | D:7      | Killed a troll
  8672 | D:7      | Found the +1 robe of Vines {NoPotionHeal Regen++++}
  8736 | D:8      | Reached skill level 5 in Invocations
  8783 | D:8      | Reached **** piety under Okawaru
  8866 | D:8      | Noticed a two-headed ogre
  8877 | D:8      | Killed a two-headed ogre
  8878 | D:8      | Reached skill level 5 in Fighting
  8878 | D:8      | Reached skill level 5 in Short Blades
  8878 | D:8      | Reached skill level 5 in Long Blades
  8878 | D:8      | Reached skill level 5 in Axes
  8878 | D:8      | Reached skill level 5 in Maces & Flails
  8878 | D:8      | Reached skill level 5 in Polearms
  8878 | D:8      | Reached skill level 5 in Staves
  8878 | D:8      | Reached skill level 5 in Slings
  8878 | D:8      | Reached skill level 5 in Bows
  8878 | D:8      | Reached skill level 5 in Crossbows
  8878 | D:8      | Reached skill level 5 in Throwing
  8878 | D:8      | Reached skill level 5 in Armour
  8878 | D:8      | Reached skill level 5 in Shields
  8878 | D:8      | Reached skill level 5 in Unarmed Combat
  8878 | D:8      | Reached skill level 5 in Evocations
  8878 | D:8      | Reached XP level 10. HP: 62/74 MP: 12/20
  8981 | D:8      | Reached ***** piety under Okawaru
  9125 | D:8      | Received a gift from Okawaru
  9294 | D:8      | Found a hazy altar of Hepliaklqana.
  9630 | D:8      | Noticed a cyclops
  9658 | D:8      | Killed a cyclops
  9957 | D:9      | Reached skill level 5 in Conjurations
 10188 | D:9      | Noticed a six-headed hydra
 10197 | D:9      | Killed a six-headed hydra
 10422 | D:9      | Found a blossoming altar of Fedhas.
 10994 | D:9      | Noticed a two-headed ogre
 11002 | D:9      | Killed a two-headed ogre
 11003 | D:9      | Reached XP level 11. HP: 73/81 MP: 16/22
 11244 | D:9      | Found a runed translucent gate.
 11244 | D:9      | Found a runed translucent gate.
 11244 | D:9      | Found a runed translucent gate.
 11248 | D:9      | Noticed DemonSlayer's ghost (journeyman DsFE)
 11265 | D:9      | Received a gift from Okawaru
 11283 | D:9      | Identified the +9 dagger of Ifupu {flame, Fragile Int+5}
 11368 | D:9      | Found a staircase to the Orcish Mines.
 11624 | D:10     | Entered Level 10 of the Dungeon
 11631 | D:9      | Reached skill level 5 in Hexes
 11631 | D:9      | Reached skill level 5 in Summonings
 11631 | D:9      | Reached skill level 5 in Necromancy
 11631 | D:9      | Reached skill level 5 in Translocations
 11631 | D:9      | Reached skill level 5 in Transmutations
 11631 | D:9      | Reached skill level 5 in Ice Magic
 11631 | D:9      | Reached skill level 5 in Air Magic
 11631 | D:9      | Reached skill level 5 in Earth Magic
 11631 | D:9      | Reached skill level 5 in Poison Magic
 11635 | D:9      | Learned a level 3 spell: Inner Flame
 11639 | D:9      | Learned a level 3 spell: Ozocubu's Armour
 11646 | D:10     | Found Bymnunti's Book Shop.
 11752 | D:10     | Noticed a two-headed ogre
 11779 | D:11     | Noticed Urug
 11786 | D:10     | Paralysed by a hornet for 2 turns
 11798 | D:10     | Killed a two-headed ogre
 11798 | D:10     | Received a gift from Okawaru
 11962 | D:10     | Found a shadowy altar of Dithmenos.
 12060 | D:10     | Received a gift from Okawaru
 12229 | D:10     | Noticed a fire dragon
 12824 | D:10     | Found a staircase to the Lair.
 12828 | D:10     | Identified the +1 ring mail of Tunem {MP+9 Dex+3}
 12936 | D:10     | Found Pybuofio's Specialty Armours.
 13165 | Lair:1   | Entered Level 1 of the Lair of Beasts
 13235 | Lair:1   | Noticed Gastronok
 13273 | Lair:1   | Killed Gastronok
 13273 | Lair:1   | Received a gift from Okawaru
 13310 | Lair:1   | Found a frozen archway.
 13325 | IceCv    | Entered an ice cave
 13473 | IceCv    | Reached XP level 12. HP: 31/89 MP: 18/24
 14155 | IceCv    | Received a gift from Okawaru
 14529 | IceCv    | HP: 3/91 [something (14)]
 14672 | IceCv    | HP: 3/91 [anaconda simulacrum (22)]
 14673 | IceCv    | Killed from afar by a bog body

Illustrated notes

Levels and vault maps discovered:
D:1:      onia_arrival_mini_spirals, layout_loops_ring,
          shapermc_ecumenical_altar_mp_highgroup
D:2:      layout_basic
D:3:      layout_basic, okawaru_trees_1
D:4:      cheibrodos_greedy_goblins, layout_cave_pools,
          mainiacjoe_overflow_cross_hatched, hangedman_glass_teeth
D:5:      layout_cave_pools, tgw_trog, portal_sewer_entry_a, uniq_edmund
D:6:      layout_rooms, minmay_temple_entry_tees, minivault_1, uniq_pikel,
          uniq_sigmund
D:7:      layout_loops_ring, hellmonk_guarded_unrand_vines
D:8:      layout_loops_cross, nicolae_hepliaklqana_hazy_memory,
          chequers_serial_rivers_marsh, st_stairs_4
D:9:      layout_long_grid, mainiacjoe_overflow_24_doors, erik_orc_2,
          gammafunk_ghost_spectres
D:10:     nzn_winding_woodlands_cross [nzn_winding_woodlands_5x15_parted,
          nzn_winding_woodlands_5x15_split_checker,
          nzn_winding_woodlands_5x15_longhouse,
          nzn_winding_woodlands_5x15_crooked,
          nzn_winding_woodlands_15x15_thick_spiral], layout_loops_ring,
          pf_just_have_faith, david_lair_generic, nicolae_stop_n_shop_2,
          nicolae_barding_shop
D:11:     layout_cave_pools, enter_trove_1, uniq_urug
Lair:1:   layout_cave_pods, serial_bayou, serial_bayou_lagoon_a,
          serial_bayou_shore_b, serial_bayou_lake_a, serial_bayou_pond_b,
          portal_ice_cave_entry_pillars_1, uniq_gastronok
IceCv:    ice_cave_caverns_02

Skill      XL: |  1  2  3  4  5  6  7  8  9 10 11 12 |
---------------+-------------------------------------+-----
Conjurations   | 2 3 4 5 6 |  6.3
Spellcasting   | 5 6 7 8 |  8.7
Invocations    | 1 2 3 4 5 6 7 |  7.7
Fighting       | 1 2 4 5 6 7 |  7.0
Short Blades   | 1 2 4 5 6 7 |  7.0
Long Blades    | 1 2 4 5 6 7 |  7.0
Axes           | 1 2 4 5 6 7 |  7.0
Maces & Flails | 1 2 4 5 6 7 |  7.0
Polearms       | 1 2 4 5 6 7 |  7.0
Staves         | 1 2 4 5 6 7 |  7.0
Slings         | 1 2 4 5 6 7 |  7.0
Bows           | 1 2 4 5 6 7 |  7.0
Crossbows      | 1 2 4 5 6 7 |  7.0
Throwing       | 1 2 4 5 6 7 |  7.0
Armour         | 1 2 4 5 6 7 |  7.0
Shields        | 1 2 4 5 6 7 |  7.0
Unarmed Combat | 1 2 4 5 6 7 |  7.0
Evocations     | 1 2 4 5 6 7 |  7.0
Hexes          | 1 2 3 4 5 |  5.8
Summonings     | 1 2 3 4 5 |  5.8
Necromancy     | 1 2 3 4 5 |  5.8
Translocations | 1 2 3 4 5 |  5.8
Transmutations | 1 2 3 4 5 |  5.8
Ice Magic      | 1 2 3 4 5 |  5.8
Air Magic      | 1 2 3 4 5 |  5.8
Earth Magic    | 1 2 3 4 5 |  5.8
Poison Magic   | 1 2 3 4 5 |  5.8
Dodging        | 5 6 7 8 |  8.5
Stealth        | 5 6 7 8 |  8.3
Fire Magic     | 6 7 8 |  8.1

Action                   |  1- 3 |  4- 6 |  7- 9 | 10-12 || total
-------------------------+-------+-------+-------+-------++-------
Melee: Unarmed           |     8 |       |       |       ||     8
       Bite              |     7 |       |     5 |    33 ||    45
       Dagger            |    39 |    16 |     5 |   131 ||   191
       Punch             |     1 |     3 |       |     9 ||    13
       Flail             |       |       |    42 |    68 ||   110
 Cast: Foxfire           |   112 |   178 |   234 |   407 ||   931
       Scorch            |       |       |    23 |    17 ||    40
       Conjure Flame     |       |       |       |    38 ||    38
       Inner Flame       |       |       |       |    11 ||    11
       Ozocubu's Armour  |       |       |       |     1 ||     1
Invok: Heroism           |       |       |       |     3 ||     3
       Finesse           |       |       |       |     1 ||     1
  Use: Scroll            |       |       |     1 |    13 ||    14
 Stab: Sleeping          |       |       |     1 |     1 ||     2
Armor: Robe              |    11 |     7 |    15 |    61 ||    94
Dodge: Dodged            |    37 |    13 |    53 |   167 ||   270
Block: Other             |       |     1 |    20 |    49 ||    70
       Buckler           |       |       |       |    44 ||    44
       Reflection        |       |       |       |     2 ||     2
